 Dungeon Crawl Stone Soup version 0.27.1-34-g3ba077fa99 (webtiles) character file.

Game seed: 7397715030922539284

4 cbfl8 the Sneak (level 1, -3/20 HPs)
             Began as a Minotaur Delver on Jan 26, 2022.
             Slain by a hornet zombie (13 damage)
             ... on level 3 of the Dungeon.
             The game lasted 00:02:31 (398 turns).

cbfl8 the Sneak (Minotaur Delver)                    Turns: 398, Time: 00:02:33

Health: -3/20      AC:  3    Str: 16    XL:     1   Next: 58%
Magic:  0/0        EV: 11    Int:  7    God:
Gold:   8          SH:  0    Dex: 11    Spells: 0/0 levels left

rFire    . . .     SeeInvis .   a - +0 hand axe
rCold    . . .     Faith    .   (no shield)
rNeg     . . .     Spirit   .   b - +0 leather armour
rPois    .         Reflect  .   (helmet restricted)
rElec    .         Harm     .   (no cloak)
rCorr    .         Rampage  .   (no gloves)
Will     .....                  (no boots)
Stlth    ++........             (no amulet)
HPRegen  0.06/turn              (no ring)
MPRegen  0.07/turn              (no ring)

@: no status effects
A: horns 2, retaliatory headbutt
a: no special abilities


You were on level 3 of the Dungeon.
You visited 1 branch of the dungeon, and saw 3 of its levels.

You collected 8 gold pieces.

Inventory:

Hand Weapons
 a - a +0 hand axe (weapon)
Armour
 b - a +0 leather armour (worn)
 i - a +1 robe of willpower
Wands
 g - a wand of digging (3)
 h - a wand of paralysis (8)
Scrolls
 c - a scroll of fog
 d - a scroll of magic mapping
 e - a scroll of fear
Potions
 f - a potion of haste
 j - a potion of flight {unknown}


   Skills:
 + Level 3.7 Fighting
 + Level 2.4 Axes
 + Level 2.2 Dodging
 + Level 4.2 Stealth


You couldn't memorise any spells.
You didn't know any spells.
Your spell library contained the following spells:

 Spells                   Type           Power      Damage    Failure   Level
 Pain                     Necr           0%         1d4       50%         1
 Vampiric Draining        Necr           0%         2d6       86%         3
 Iskenderun's Battlesphe  Conj           0%         2d6       100%        5
 Death Channel            Necr           0%         N/A       100%        6
 Iron Shot                Conj/Erth      0%         9d1       100%        6
 Spellforged Servitor     Conj/Summ      0%         N/A       100%        7
 Borgnjor's Revivificati  Necr           0%         N/A       100%        8


Dungeon Overview and Level Annotations

Branches:
Dungeon (5/15)
 Temple: D:4-7

Altars:

Shops:
D:3 !


Innate Abilities, Weirdness & Mutations

You have a pair of horns on your head.
You reflexively headbutt those who attack you in melee.


Message History

The quokka is almost dead.
The quokka closely misses you.
You barely miss the quokka.
The quokka is almost dead.
The quokka bites you.
You hit the quokka.
You kill the quokka!
Welcome back, cbfl8 the Minotaur Delver.
Press ? for a list of commands and other information.
There is an open door here.
You start resting.
HP restored.
There is an entrance to Anuystrups's Distillery here.
Found a sedimented black potion.
j - a sedimented black potion You see here a +0 whip.
A hornet zombie comes into view.
The hornet zombie closely misses you.
You closely miss the hornet zombie.
You headbutt the hornet zombie, but do no damage.
The hornet zombie barely misses you.
You hit the hornet zombie.
The hornet zombie is lightly damaged.
The hornet zombie hits you. The hornet zombie closely misses you.
You furiously retaliate!
You headbutt the hornet zombie. You hit the hornet zombie.
The hornet zombie is moderately damaged.
The hornet zombie hits you. The hornet zombie closely misses you.
You closely miss the hornet zombie.
The hornet zombie is moderately damaged.
The hornet zombie barely misses you. You furiously retaliate!
You headbutt the hornet zombie.
You hit the hornet zombie but do no damage.
Your headbutt misses the hornet zombie.
The hornet zombie is moderately damaged.
The hornet zombie closely misses you. You furiously retaliate!
You headbutt the hornet zombie, but do no damage.
The hornet zombie hits you!
Ouch! That really hurt!
You die...

+........##...#.#.....#
#.....#..##.#.#.#######
#........##.#.#.#
#.###.#..##.#.#.# #.
#.#..##.#.#.# #.
#.##.##.#.#.# #.
#.##>##.#...# ..
#.......######## ##
######..@Z......
#...####### #...# #...#
....# ###... ...# ####


You could see a hornet zombie.

Vanquished Creatures
  A ball python (D:4)
  2 quokkas (D:3)
  A frilled lizard (D:3)
4 creatures vanquished.

Notes
Turn   | Place    | Note
-------+----------+-------------------------------------------
     0 | D:5      | cbfl8 the Minotaur Delver began the quest for the Orb.
     0 | D:5      | Reached XP level 1. HP: 19/19 MP: 0/0
     8 | D:5      | Got the Incunabulum of Evil Rituals
    66 | D:3      | Found Anuystrups's Distillery.
   391 | D:3      | Noticed a hornet zombie
   398 | D:3      | Slain by a hornet zombie

Illustrated notes

Levels and vault maps discovered:
D:3:      layout_basic, serial_shops, nicolae_shop_crystal,
          shapermc_ecumenical_altar_mp_vishouse
D:4:      kennysheep_the_goblin_king, layout_cave_pools,
          minmay_temple_entry_arrows, kennysheep_nondescript,
          hangedman_abyss_or_decor_jellyfish_corner
D:5:      layout_cave_pools, uniq_pikel

Action                   || total
-------------------------++-------
Melee: Hand axe          ||    13
       Headbutt          ||     2
 Stab: Sleeping          ||     2
Armor: Leather armour    ||     1
Dodge: Dodged            ||    13
